AoeStats
← 騷護士

Nomad

509893404Analyzed
4v4 RM · 5d ago on Sep 28, 2026· 41m 56s· 8 players
Game mode
Random Map
Map size
231×231
Population
200
Speed
Normal
Resources
Standard
Victory
Conquest
Starting age
Dark Age
Ending age
Imperial Age
RankedLock teamsTeams togetherTeam positionsShared explorationLock speedFull tech treeHidden civsTurbo modeCheats
Victory
Defeat
🇦🇷 Spanish · Argentina
1582
+13
🇹🇼 Danes · Taiwan
1564
+14
🇹🇷 Varangians · Türkiye
1536
+15
🇦🇿 Huns · Azerbaijan
1530
+15
🇭🇰 Tupi · Hong Kong SAR China
1677
-21
🇦🇷 Lithuanians · Argentina
1510
-14
🇨🇳 Varangians · China
1442
-11
🇨🇳 Saxons · China
1442
-11
Mengudaii
4:55 Loom
11:56 Feudal Age
17:14 Castle Age
15:09 Double-Bit Axe
17:15 Scale Barding Armor
21:56 Forging
22:35 Husbandry
22:36 Horse Collar
32:01 Bloodlines
33:23 Wheelbarrow
35:43 Chain Barding Armor
35:16 Stone Mining
36:14 Hand Cart
36:56 Gold Mining
38:02 Bow Saw
37:56 Heavy Plow
42:05 Imperial Age
39:21 Town Watch
41:22 Iron Casting
42:10 Stone Shaft Mining
騷護士
3:19 Loom
12:42 Feudal Age
17:18 Castle Age
17:24 Wheelbarrow
31:53 Hand Cart
41:21 Double-Bit Axe
我放了个屁她顺风追了
5:36 Loom
14:27 Feudal Age
14:59 Man-at-Arms
16:00 Double-Bit Axe
20:29 Castle Age
19:22 Wheelbarrow
18:33 Town Watch
21:09 Forging
22:17 Bow Saw
22:56 Medium Warships
24:42 Horse Collar
32:50 Imperial Age
30:42 Scale Barding Armor
30:41 Husbandry
31:27 Bloodlines
32:14 Iron Casting
32:00 Chain Barding Armor
31:46 Gold Mining
31:47 Stone Mining
33:27 Hand Cart
32:51 Cavalier
33:54 Conscription
34:36 Blast Furnace
33:28 Fishing Lines
34:39 Plate Barding Armor
34:55 Paladin
39:19 Gold Shaft Mining
39:12 Fletching
gjizhijian6866
4:56 Loom
12:58 Feudal Age
16:50 Castle Age
15:06 Double-Bit Axe
15:43 Gold Mining
17:12 Town Watch
17:43 Bow Saw
19:16 Horse Collar
21:52 Padded Archer Armor
26:40 Wheelbarrow
27:31 Husbandry
27:50 Padded Archer Armor
29:21 Ballistics
29:58 Bloodlines
30:09 Stone Mining
30:49 Leather Archer Armor
35:34 Imperial Age
33:47 Forging
34:05 Hand Cart
34:43 Scale Barding Armor
35:39 Cavalier
36:47 Conscription
36:49 Chain Barding Armor
36:48 Paladin
38:52 Plate Barding Armor
39:59 Iron Casting
41:58 Blast Furnace
41:59 Coinage
42:31 Two-Man Saw
41:33 Heavy Plow
42:09 Stone Shaft Mining
42:41 Fervor
[TOX2] A-c-Syno-666
9:16 Loom
12:58 Feudal Age
17:10 Castle Age
16:39 Fletching
32:41 Bodkin Arrow
Sakmelo
7:02 Loom
13:10 Feudal Age
17:02 Castle Age
15:36 Double-Bit Axe
15:41 Gold Mining
15:47 Fletching
15:57 Loom
18:14 Bodkin Arrow
18:40 Bow Saw
22:38 Ballistics
37:24 Imperial Age
34:55 Horse Collar
38:13 Wheelbarrow
博饼
7:23 Loom
14:32 Feudal Age
18:42 Castle Age
20:31 Wheelbarrow
21:07 Horse Collar
22:43 Forging
28:16 Bloodlines
30:10 Double-Bit Axe
31:21 Husbandry
31:27 Scale Barding Armor
32:18 Iron Casting
32:39 Scale Barding Armor
35:03 Bow Saw
35:05 Heavy Plow
35:25 Town Watch
37:03 Hand Cart
38:21 Hand Cart
38:47 Town Patrol
39:09 Gold Mining
40:01 Chain Barding Armor
尛b
3:05 Loom
13:58 Feudal Age
17:58 Castle Age
20:08 Double-Bit Axe
21:32 Bow Saw
28:23 Stone Mining
35:16 Wheelbarrow
38:06 Imperial Age
35:51 Gold Mining
36:16 Horse Collar
37:31 Scale Mail Armor
39:47 Chain Mail Armor
39:42 Forging
39:40 Squires
39:25 Arson
41:07 Plate Mail Armor
42:06 Conscription
Connection lost

Rejoining the realm…

Still unreachable

The connection could not be restored.

Session expired

The server has moved on; the page needs a fresh start.